AoeStats
← {WaZzU'P} Recluta4!

Arabia

503717669Analyzed
3v3 RM · 1mo ago on Sep 2, 2026· 58m 27s· 6 players
Game mode
Random Map
Map size
Normal (6 player)
Population
200
Speed
Normal
Resources
Standard
Victory
Conquest
Starting age
Dark Age
Ending age
Imperial Age
RankedLock teamsTeams togetherTeam positionsShared explorationLock speedFull tech treeHidden civsTurbo modeCheats
Victory
Defeat
🇲🇽 Ethiopians · Mexico
1213
+12
🇲🇽 Byzantines · Mexico
1205
+12
🇲🇽 Cumans · Mexico
1181
+13
🇺🇸 Portuguese · United States
1174
-15
🇻🇪 Maya · Venezuela
1093
-11
🇨🇭 Lithuanians · Switzerland
1089
-11
{WaZzU'P} GranPolo
5:58 Loom
11:04 Feudal Age
17:37 Castle Age
21:58 Husbandry
22:55 Scale Barding Armor
26:06 Bloodlines
27:00 Forging
29:33 Iron Casting
31:32 Chain Barding Armor
31:14 Gold Mining
36:48 Horse Collar
38:46 Heavy Plow
59:07 Imperial Age
{WaZzU'P} Recluta4!
10:33 Feudal Age
10:58 Loom
11:23 Double-Bit Axe
11:23 Horse Collar
12:04 Town Watch
15:02 Padded Archer Armor
15:17 Fletching
19:53 Stone Mining
19:59 Gold Mining
21:07 Double-Bit Axe
25:06 Castle Age
25:15 Crossbowman
25:50 Bodkin Arrow
26:09 Thumb Ring
26:52 Wheelbarrow
27:00 Leather Archer Armor
27:44 Ballistics
29:09 Hand Cart
37:31 Bow Saw
44:54 Imperial Age
43:46 Stone Mining
43:37 Elite Skirmisher
44:29 Masonry
45:16 Arbalester
45:58 Bracer
47:14 Chemistry
47:57 Town Patrol
49:01 Stone Shaft Mining
48:57 Ring Archer Armor
51:05 Two-Man Saw
50:39 Architecture
52:08 Arquebus
52:30 Conscription
52:17 Caravan
52:47 Elite Organ Gun
55:12 Murder Holes
55:48 Heavy Plow
{WaZzU'P} Sr Gilmapi
4:38 Loom
10:56 Feudal Age
11:42 Double-Bit Axe
12:05 Gold Mining
15:56 Fletching
17:30 Padded Archer Armor
24:14 Castle Age
23:59 Horse Collar
24:21 Crossbowman
26:12 Bodkin Arrow
30:18 Leather Archer Armor
31:53 Ballistics
48:18 Imperial Age
46:53 Wheelbarrow
52:55 Arbalester
StampedPear67
7:58 Loom
10:30 Feudal Age
11:21 Double-Bit Axe
15:10 Forging
15:24 Arson
17:09 Town Watch
21:19 Wheelbarrow
25:21 Castle Age
25:17 Scale Barding Armor
26:10 Gold Mining
28:47 Hand Cart
29:19 Bow Saw
28:53 Horse Collar
32:51 Fletching
36:30 Bloodlines
36:56 Iron Casting
36:42 Chain Barding Armor
40:13 Heavy Plow
42:56 Steppe Husbandry
47:06 Bodkin Arrow
49:49 Imperial Age
48:09 Ballistics
52:26 Padded Archer Armor
52:24 Elite Skirmisher
53:35 Conscription
53:37 Light Cavalry
54:48 Hussar
FrumpyImpala821
8:21 Loom
10:26 Feudal Age
11:57 Wheelbarrow
13:02 Fletching
13:18 Padded Archer Armor
18:37 Double-Bit Axe
21:38 Castle Age
19:30 Horse Collar
21:05 Scale Barding Armor
24:30 Forging
27:07 Elite Skirmisher
29:29 Gold Mining
31:24 Chain Barding Armor
34:00 Bodkin Arrow
35:29 Husbandry
36:06 Iron Casting
40:31 Hand Cart
44:40 Imperial Age
43:12 Leather Archer Armor
44:24 Gold Shaft Mining
43:40 Stone Mining
46:48 Plate Barding Armor
46:00 Cavalier
51:42 Paladin
57:02 Elite Cataphract
tona1410
7:20 Loom
7:53 Loom
10:05 Feudal Age
11:14 Double-Bit Axe
13:44 Fletching
17:16 Padded Archer Armor
21:49 Castle Age
20:05 Horse Collar
20:49 Gold Mining
22:37 Bodkin Arrow
22:03 Crossbowman
23:47 Bow Saw
23:45 Heavy Plow
25:12 Wheelbarrow
28:19 Leather Archer Armor
29:39 Ballistics
30:16 Thumb Ring
34:13 Hand Cart
34:16 Squires
35:01 Scale Mail Armor
35:11 Forging
37:44 Gold Shaft Mining
36:59 Stone Mining
40:13 Chain Mail Armor
43:46 Iron Casting
43:25 Arson
44:01 Town Watch
47:14 Murder Holes
47:30 Masonry
51:59 Imperial Age
52:42 Bracer
52:11 Arbalester
54:03 Chemistry
54:07 Ring Archer Armor
57:42 Architecture
58:28 Plate Mail Armor
59:03 Blast Furnace
58:34 Plate Mail Armor
57:49 Halberdier
60:00 Two-Man Saw
Connection lost

Rejoining the realm…

Still unreachable

The connection could not be restored.

Session expired

The server has moved on; the page needs a fresh start.